 Dungeon Crawl Stone Soup version 0.30-a0-629-gd54f4be4f7 (webtiles) character file.

Game seed: 18150969682657904972

109 bande the Trooper (level 4, -3/29 HPs)
             Began as a Gargoyle Fighter on Jan 13, 2023.
             Slain by an iguana (6 damage)
             ... on level 3 of the Dungeon.
             The game lasted 00:03:24 (1623 turns).

bande the Trooper (Gargoyle Fighter)                Turns: 1623, Time: 00:03:25

Health: -3/29      AC: 17    Str: 18    XL:     4   Next: 89%
Magic:  3/3        EV:  5    Int:  8    God:
Gold:   61         SH:  5    Dex: 17    Spells: 3/3 levels left

rFire   + . .      SeeInvis .    a - +0 war axe (flame)
rCold   + . .      Faith    .    c - +0 buckler
rNeg    + . .      Spirit   .    h - +0 plate armour
rPois   ∞          Reflect  .    (no helmet)
rElec   +          Harm     .    (no cloak)
rCorr   .          Rampage  .    (no gloves)
Will    .....                    b - +1 pair of boots Stlth
                                 (no amulet)
HPRegen 0.24/turn                j - ring of protection from cold
MPRegen 0.08/turn                m - +6 ring of dexterity

@: no status effects
A: sickness immunity, AC +3, negative energy resistance 1, electricity
resistance, torment resistance 1, petrification resistance, fire resistance 1,
low MP 1, mutation resistance 1, weak 1
a: no special abilities


You were on level 3 of the Dungeon.
You visited 1 branch of the dungeon, and saw 3 of its levels.

You collected 61 gold pieces.

Inventory:

Hand Weapons
 a - a +0 war axe of flaming (weapon)
Armour
 b - a +1 pair of boots (worn)
 c - a +0 buckler (worn)
 h - a +0 plate armour (worn)
Jewellery
 j - a ring of protection from cold (left hand)
 m - a +6 ring of dexterity (right hand)
Wands
 f - a wand of light (7)
 k - a wand of roots (11)
Scrolls
 e - a scroll of poison
 g - 3 scrolls of identify
Potions
 d - a potion of might
 i - 2 potions of cancellation
 n - a potion of haste
 o - 2 potions of brilliance


   Skills:
 + Level 4.0 Fighting
 + Level 3.1 Axes
 + Level 3.9 Armour
 - Level 0.1 Dodging
 + Level 3.7 Shields
 * Level 0.2 Evocations


You had 3 spell levels left.
You didn't know any spells.
Your spell library was empty.

Dungeon Overview and Level Annotations

Branches:
Dungeon (3/15)

Altars:
Zin

Shops:
D:3 *


Innate Abilities, Weirdness & Mutations

You are immune to sickness and miasma.
Your stone body is resilient. (AC +3)
You are immune to poison.
You resist negative energy. (rN+)
You are resistant to electric shocks. (rElec)
You are resistant to unholy torment.
You are immune to petrification.
Your flesh is heat resistant. (rF+)
Your magical capacity is low. (-10% MP)
You are somewhat resistant to further mutation.
You are weak. (Str -2)


Message History

The hobgoblin hits you but does no damage.
You hit the iguana but do no damage.
The iguana is lightly wounded.
You hit the hobgoblin. You burn the hobgoblin.
You kill the hobgoblin!
The bat hits you but does no damage. You block the iguana's attack.
The iguana barely misses you.
You closely miss the iguana.
The iguana is lightly wounded.
You block the bat's attack.
The iguana bites you but does no damage.
You hit the iguana but do no damage.
The iguana is lightly wounded.
The bat hits you but does no damage.
The iguana bites you but does no damage.
You hit the iguana. You burn the iguana.
The iguana is heavily wounded.
The iguana bites you.
* * * LOW HITPOINT WARNING * * *
The iguana closely misses you.
You hit the iguana but do no damage.
The iguana is heavily wounded.
The iguana bites you but does no damage.
It was a potion of mutation.
You feel extremely strange.
You feel weaker.
You feel less energetic.
You feel resistant to heat.
You feel genetically stable. The bat hits you but does no damage. x2
The iguana bites you but does no damage.
You closely miss the iguana.
The iguana is heavily wounded.
You slash the bat! You burn the bat.
You kill the bat!
You block the iguana's attack. The iguana barely misses you.
You hit the iguana but do no damage.
The iguana is heavily wounded.
The iguana bites you but does no damage.
You closely miss the iguana.
The iguana is heavily wounded.
The iguana bites you.
You die...

......#
#...##.##.#
......#
###.).....#
.#.....
#<......###
.....##
##.##.##...#
##...#
.##..##.##.#..#
. ...#
=.............#
.###.##.#.##..#
##.###.##.#.#
.......@†...#
.###.##l#.#.#
..r..#...
#.#.#.# ##.
.....#.. # .#.
....#. #
...?.#.#.. .#
...... ##


You could see an iguana and a rat.

Vanquished Creatures
  6 adders (D:2)
  3 worms
  A dart slug (D:2)
  3 endoplasms
  2 giant cockroaches
  3 goblins
  3 hobgoblins
  3 quokkas
  5 ball pythons
  5 bats
  8 kobolds
  4 rats
46 creatures vanquished.

Notes
Turn   | Place    | Note
-------+----------+-------------------------------------------
     0 | D:1      | bande the Gargoyle Fighter began the quest for the Orb.
     0 | D:1      | Reached XP level 1. HP: 14/14 MP: 1/1
   200 | D:1      | Found a faded altar of an unknown god.
   275 | D:1      | You fall into a shaft and drop 1 floor!
   285 | D:2      | Reached XP level 2. HP: 19/19 MP: 2/2
   649 | D:2      | Reached XP level 3. HP: 24/24 MP: 3/3
   858 | D:2      | Reached XP level 4. HP: 29/29 MP: 4/4
   911 | D:2      | Reached skill level 4 in Fighting
  1284 | D:3      | Found a glowing silver altar of Zin.
  1304 | D:3      | Found Tovaf's Assorted Antiques.
  1618 | D:3      | HP: 1/29 [iguana (5)]
  1620 | D:3      | Gained mutation: You are weak. (Str -2) [potion of
                  | mutation]
  1620 | D:3      | Gained mutation: Your magical capacity is low. (-10% MP)
                  | [potion of mutation]
  1620 | D:3      | Gained mutation: Your flesh is heat resistant. (rF+)
                  | [potion of mutation]
  1620 | D:3      | Gained mutation: You are somewhat resistant to further
                  | mutation. [potion of mutation]
  1623 | D:3      | Slain by an iguana

Illustrated notes

Levels and vault maps discovered:
D:1:      saegor_arrival_simple_b, layout_basic, ebering_ecumenical_altar_rust
D:2:      layout_loops_ring, kennysheep_generic_room_13
D:3:      layout_loops_cross, mainiacjoe_overflow_alcove_1, serial_shops,
          nicolae_square_shop, minmay_diced_spiral, uniq_robin

Skill      XL: |  1  2  3  4 |
---------------+-------------+-----
Axes           | 2 3 |  3.1
Fighting       | 4 |  4.0
Armour         | |  3.9
Dodging        | |  0.1
Shields        | |  3.7
Evocations     | |  0.2

Action                   |  1- 3 |  4- 6 || total
-------------------------+-------+-------++-------
Melee: War axe           |   102 |    66 ||   168
  Use: Scroll            |     4 |     5 ||     9
       Potion            |       |     1 ||     1
Armor: Scale mail        |    10 |       ||    10
       Plate armour      |    76 |    54 ||   130
Dodge: Dodged            |    31 |    24 ||    55
Block: Buckler           |    24 |    21 ||    45

Table legend: (Time is in decaauts)
 A = Elapsed time spent in this place.
 B = Non-inter-level travel time spent in this place.
 C = Inter-level travel time spent in this place.
 D = Time resting spent in this place.
 E = Time spent auto-exploring this place.
 F = Levels seen in this place.
 G = Mean time per level.
                   A        B        C        D        E       F      G
               +--------+--------+--------+--------+--------+-----+--------+
         Total |   1693 |   1604 |     89 |      0 |   1173 |   3 |  564.3 |
       Dungeon |   1693 |   1604 |     89 |      0 |   1173 |   3 |  564.3 |
               +--------+--------+--------+--------+--------+-----+--------+

Top non-repeatable levels by time:
     D:2: 844 daAuts
     D:1: 497 daAuts
     D:3: 351 daAuts
